 Dungeon Crawl Stone Soup version 0.29.1-2-gbd0b4ee654 (webtiles) character file.

Game seed: 15224961223354568381

6689 qeuew the Chopper (level 10, -1/76 HPs)
             Began as a Demonspawn Fighter on Nov 6, 2022.
             Was an Elder of Cheibriados.
             Slain by a two-headed ogre
             ... wielding a +0 giant club
              (26 damage)
             ... on level 9 of the Dungeon.
             The game lasted 00:23:44 (12030 turns).

qeuew the Chopper (Demonspawn Fighter)             Turns: 12030, Time: 00:23:45

Health: -1/76      AC:  9    Str: 33    XL:     10   Next: 73%
Magic:  25/25      EV: 12    Int: 24    God:    Cheibriados [****..]
Gold:   670        SH: 10    Dex: 18    Spells: 11/17 levels left

rFire   + + .      SeeInvis .   w - +0 mace of Honour {venom, Fly rElec Str+4 Dex-3}
rCold   + . .      Faith    .   c - +0 buckler
rNeg    . . .      Spirit   .   b - +0 scale mail
rPois   +          Reflect  .   (helmet unavailable)
rElec   +          Harm     .   d - scarf {rC+ rF+}
rCorr   .          Rampage  .   q - +0 pair of gloves
Will    .....                   (no boots)
Stlth   +.........              x - amulet of the acrobat
HPRegen 0.22/turn               e - ring of poison resistance
MPRegen 0.19/turn               k - ring of Poosonai {rF+ MP+9 Str+2}

@: flying, very slow
A: horns 3, big brain 1, condensation shield, demonic magic 2
a: Renounce Religion, Bend Time, Temporal Distortion, Slouch


You were on level 9 of the Dungeon.
You worshipped Cheibriados.
Cheibriados was greatly pleased with you.
You visited 2 branches of the dungeon, and saw 10 of its levels.
You also visited: Ossuary.

You collected 845 gold pieces.
You spent 175 gold pieces at shops.

Inventory:

Hand Weapons
 w - the +0 mace of Honour (weapon) {venom, Fly rElec Str+4 Dex-3}
   (You found it on level 7 of the Dungeon)

   It poisons the flesh of those it strikes.
   Str:       It affects your strength (+4).
   Dex:       It affects your dexterity (-3).
   rElec:     It insulates you from electricity.
   Fly:       It grants you flight.
Armour
 b - a +0 scale mail (worn)
 c - a +0 buckler (worn)
 d - a scarf of resistance (worn)
 q - a +0 pair of gloves (worn)
Jewellery
 e - a ring of poison resistance (left hand)
 k - the ring of Poosonai (right hand) {rF+ MP+9 Str+2}
   (You found it on level 4 of the Dungeon)

   [ring of protection from fire]

   Str:       It affects your strength (+2).
   rF:        It protects you from fire.
   MP:        It affects your magic capacity (+9).
 l - a +4 ring of slaying
 m - a ring of see invisible
 x - an amulet of the acrobat (around neck)
Wands
 t - a wand of charming (6)
Scrolls
 g - a scroll of amnesia
 h - 3 scrolls of teleportation
 n - a scroll of butterflies
 o - 3 scrolls of enchant weapon
 p - a scroll of enchant armour
 r - a scroll of identify
 s - 3 scrolls of fear
Potions
 a - 3 potions of curing
 f - 2 potions of magic
 i - a potion of cancellation
 j - 2 potions of brilliance
 v - a potion of resistance


   Skills:
 * Level 6.2 Fighting
 + Level 7.4(7.9) Axes
 * Level 3.5(5.9) Maces & Flails
 * Level 7.4 Armour
 * Level 4.3 Dodging
 - Level 1.0 Stealth
 * Level 5.7 Shields
 * Level 4.4 Spellcasting
 * Level 4.1 Translocations


You had 11 spell levels left.
You knew the following spells:

 Your Spells              Type           Power      Damage    Failure   Level
a - Iskenderun's Mystic   Conj/Tloc      15%        2d5       65%         4
b - Blink                 Tloc           50%        N/A       6%          2

Your spell library contained the following spells:

 Spells                   Type           Power      Damage    Failure   Level
 Portal Projectile        Hex/Tloc       30%        N/A       26%         3
 Ensorcelled Hibernation  Hex/Ice        10%        N/A       32%         2
 Passwall                 Tmut/Erth      4%         N/A       32%         2
 Call Canine Familiar     Summ           5%         N/A       54%         3
 Conjure Flame            Conj/Fire      5%         6-21      54%         3
 Dazzling Flash           Conj/Hex       10%        N/A       54%         3
 Ignite Poison            Fire/Tmut/Pois 5%         N/A       54%         3
 Spider Form              Tmut/Pois      5%         N/A       54%         3
 Swiftness                Air            5%         N/A       54%         3
 Manifold Assault         Tloc           25%        N/A       71%         5
 Anguish                  Hex/Necr       2%         N/A       91%         4
 Leda's Liquefaction      Hex/Erth       2%         N/A       91%         4
 Sticky Flame             Conj/Fire      5%         2d3       91%         4
 Starburst                Conj/Fire      2%         6d3       100%        6
 Storm Form               Tmut/Air       2%         N/A       100%        7


Dungeon Overview and Level Annotations

Branches:
Dungeon (9/15)             Temple (1/1) D:5            Lair (0/5) D:8
Ossuary (visited)
    Orc: D:9-12

Altars:
Cheibriados
Makhleb
Nemelex Xobeh
Okawaru
Ru
Trog
Uskayaw
Yredelemnul

Shops:
D:3 ?   D:5 [

Annotations:
D:4 1 runed translucent door, Crazy Yiuf
D:6 5 runed translucent doors, 2 transporters, BuzzyBeetle's ghost, novice GrFi


Innate Abilities, Weirdness & Mutations

You have a pair of large horns on your head.
You have an unusually large brain. (Int +2)
A meltable shield of frost defends you. (SH +4)
Spells you cast may paralyse nearby enemies.


Message History

The orc shoots a sling bullet.
You block the sling bullet.
The orc unwields a +0 sling.
The orc wields a +0 short sword.
You block the orc's attack.
You see here a +0 trident.
You hit the orc. Your headbutt misses the orc.
The orc is heavily wounded.
You block the orc's attack.
You hit the orc but do no damage.
The orc is heavily wounded.
You block the orc's attack.
You sock the orc!
You kill the orc!
Cheibriados thoroughly appreciates the change of pace.
No target in view!
No target in view!
No target in view!
No target in view!
No target in view!
You now have 670 gold pieces (gained 2).
Found two stone staircases leading down.
A two-headed ogre comes into view.
It is wielding a +0 giant club and a +0 dire flail.
The two-headed ogre shouts in stereo!
The two-headed ogre completely misses you. x2
You hit the two-headed ogre.
The two-headed ogre is poisoned.
The two-headed ogre is lightly wounded.
You barely miss the two-headed ogre.
The two-headed ogre is lightly wounded.
The two-headed ogre hits you with a +0 giant club!
The two-headed ogre closely misses you.
You sock the two-headed ogre!
The two-headed ogre looks as sick as possible!
The two-headed ogre is moderately wounded.
The two-headed ogre hits you with a +0 giant club!!
The two-headed ogre hits you with a +0 dire flail!
You are too injured to fight recklessly!
You sock the two-headed ogre!
The two-headed ogre looks as sick as possible!
The two-headed ogre is severely wounded.
The two-headed ogre hits you with a +0 giant club!!
You die...

#...##..).......#
####.#..))..####..
###......##..<#####.
##...................
##...###........######
####..#....#.......#.#.##
#.........#.#.......#.##.
#.>.......##.#...........
#.......@.###.#..........
#..>...?O.# ##.#.........
#.........# ##.#........
#.........# ##.#...#..#
#.......... ..#.######.
#.........## ###.# #
########## .#


You could see a two-headed ogre (extremely poisoned).

Vanquished Creatures
  Erica (D:8)
  Pikel (D:7)
  Joseph (D:8)
  Prince Ribbit (D:7)
  A vampire (D:6)
  A shadow (D:8)
  8 yaks (D:8)
  2 wyverns
  2 steam dragons (D:7)
  An acid dragon (D:9)
  A water moccasin (D:6)
  An ice beast (D:8)
  Duvessa (D:4)
  A black bear (D:4)
  A sky beast (D:6)
  2 centaurs
  2 ogres
  3 phantoms
  3 kobold brigands
  Blork the orc (D:4)
  A gnoll sergeant (D:8)
  3 scorpions
  4 bullfrogs
  2 necrophages
  3 wights (D:8)
  Dowan (D:4)
  2 hounds (D:5)
  3 orc priests
  A gnoll bouda (D:9)
  A jelly (D:4)
  Jessica (D:2)
  3 iguanas
  6 orc wizards
  9 mummies
  15 gnolls
  7 adders
  2 shadow imps
  A white imp (D:7)
  An ufetubus (D:5)
  2 worms
  4 dart slugs
  27 orcs
  12 ball pythons
  7 endoplasms
  4 giant cockroaches
  6 goblins
  9 hobgoblins
  22 kobolds
  3 quokkas
  3 bats
  2 frilled lizards
  A gnoll zombie (Ossuary)
  A goblin zombie (D:5)
  3 hobgoblin zombies (Ossuary)
  2 kobold zombies (Ossuary)
  3 orc zombies
  10 rats
222 creatures vanquished.

Vanquished Creatures (others)
  An orc warrior (D:7)
  A sky beast (D:7)
  An orc wizard (D:7)
  An orc (D:7)
4 creatures vanquished.

Grand Total: 226 creatures vanquished

Notes
Turn   | Place    | Note
-------+----------+-------------------------------------------
     0 | D:1      | qeuew the Demonspawn Fighter began the quest for the Orb.
     0 | D:1      | Reached XP level 1. HP: 18/18 MP: 1/1
   285 | D:1      | Gained mutation: You have a pair of small horns on your
                  | head. [demonic ancestry]
   285 | D:1      | Reached XP level 2. HP: 24/24 MP: 2/2
   624 | D:1      | Gained mutation: A meltable shield of frost defends you.
                  | (SH +4) [demonic ancestry]
   624 | D:1      | Reached XP level 3. HP: 27/29 MP: 3/3
  1430 | D:2      | Reached XP level 4. HP: 35/35 MP: 4/4
  1590 | D:2      | Noticed Jessica
  1614 | D:2      | Killed Jessica
  2566 | D:3      | Found Efoe's Magic Scroll Emporium.
  2575 | D:3      | Bought a scroll of identify for 26 gold pieces
  2575 | D:3      | Bought a scroll of identify for 26 gold pieces
  2575 | D:3      | Bought a scroll of identify for 26 gold pieces
  2575 | D:3      | Bought a scroll of enchant weapon for 97 gold pieces
  2633 | D:3      | Found a faded altar of an unknown god.
  2796 | D:3      | Gained mutation: You have a pair of horns on your head.
                  | [demonic ancestry]
  2796 | D:3      | Reached XP level 5. HP: 35/41 MP: 5/5
  3207 | D:4      | Noticed a centaur
  3220 | D:4      | Killed a centaur
  3221 | D:4      | Reached skill level 1 in Dodging
  3221 | D:4      | Reached XP level 6. HP: 16/47 MP: 6/6
  3555 | D:4      | Found a runed translucent door.
  3556 | D:4      | Noticed Crazy Yiuf
  3623 | D:4      | Reached skill level 5 in Axes
  3623 | D:4      | Reached skill level 1 in Stealth
  3663 | D:4      | Gained mutation: You have a pair of large horns on your
                  | head. [demonic ancestry]
  3663 | D:4      | Reached XP level 7. HP: 52/52 MP: 7/7
  3701 | D:4      | Learned a level 4 spell: Iskenderun's Mystic Blast
  3731 | D:4      | Noticed Blork the orc
  3737 | D:4      | Killed Blork the orc
  3949 | D:4      | Noticed Duvessa
  3950 | D:4      | Noticed Dowan
  3958 | D:4      | Killed Duvessa
  3967 | D:4      | HP: 2/53 [Dowan/+0 dagger (4)]
  3968 | D:4      | Killed Dowan
  3969 | D:4      | Reached skill level 1 in Spellcasting
  3969 | D:4      | Reached skill level 1 in Translocations
  4290 | D:4      | Identified the ring of Poosonai {rF+ MP+9 Str+2}
  4950 | D:5      | Entered Level 5 of the Dungeon
  5020 | D:5      | Gained mutation: Spells you cast may paralyse adjacent
                  | enemies. [demonic ancestry]
  5020 | D:5      | Reached XP level 8. HP: 49/60 MP: 10/10
  5373 | D:5      | Found a staircase to the Ecumenical Temple.
  5453 | D:5      | Found a sand-covered staircase.
  5461 | Ossuary  | Entered an ossuary
  5782 | Temple   | Entered the Ecumenical Temple
  5803 | Temple   | Became a worshipper of Cheibriados the Contemplative
  6009 | D:5      | Found Jattir's Armour Emporium.
  6637 | D:6      | Found a burning altar of Makhleb.
  6669 | D:6      | Found a runed translucent gate.
  6675 | D:6      | Found a runed translucent door.
  6676 | D:6      | Found a runed translucent gate.
  6712 | D:6      | Reached skill level 5 in Armour
  6790 | D:6      | Reached * piety under Cheibriados
  6839 | D:6      | Gained mutation: Spells you cast may paralyse nearby
                  | enemies. [demonic ancestry]
  6839 | D:6      | Reached XP level 9. HP: 38/67 MP: 12/12
  6991 | D:6      | Found a transporter.
  6991 | D:6      | Noticed BuzzyBeetle's ghost (novice GrFi)
  7181 | D:6      | Found a transporter.
  7200 | D:6      | Found the +9 staff of Olgreb {rPois∞}
  7226 | D:6      | Found a runed translucent door.
  7229 | D:6      | Found a runed translucent gate.
  7799 | D:7      | Noticed Pikel
  7816 | D:7      | Killed Pikel
  7817 | D:7      | Reached skill level 5 in Fighting
  8284 | D:7      | Noticed Prince Ribbit
  8294 | D:7      | Killed Prince Ribbit
  8340 | D:7      | Learned a level 2 spell: Blink
  8369 | D:7      | Reached ** piety under Cheibriados
  8689 | D:7      | Identified the +0 mace of Honour {venom, Fly rElec Str+4
                  | Dex-3}
  8774 | D:8      | Found a staircase to the Lair.
  8775 | D:8      | Noticed Erica
  8786 | D:8      | Killed Erica
  8787 | D:8      | Reached skill level 1 in Maces & Flails
  8787 | D:8      | Reached skill level 5 in Shields
  8787 | D:8      | Gained mutation: You have an unusually large brain. (Int
                  | +2) [demonic ancestry]
  8787 | D:8      | Reached XP level 10. HP: 39/74 MP: 15/15
  8903 | D:8      | HP: 3/75 [yak (1)]
  9157 | D:8      | Found a sparkling altar of Nemelex Xobeh.
  9252 | D:8      | HP: 3/76 [yak (14)]
  9264 | D:8      | Reached *** piety under Cheibriados
 10170 | D:8      | Noticed Joseph
 10472 | D:8      | Killed Joseph
 11661 | D:9      | Reached **** piety under Cheibriados
 12024 | D:9      | Noticed a two-headed ogre
 12030 | D:9      | Slain by a two-headed ogre

Illustrated notes

Levels and vault maps discovered:
D:1:      tarquinn_simple_flora_water_a, layout_basic, dk_noncrumbling_2,
          st_stairs_11
D:2:      layout_loops_ring, serial_bayou_pond_e, uniq_jessica
D:3:      layout_rooms, shapermc_ecumenical_altar_totnotflames, serial_shops,
          nicolae_shop_stone, chequers_hall_statues_wall_a
D:4:      minmay_wonky_spiral, layout_loops_ring, kennysheep_small_square,
          uniq_blork_the_orc, uniq_duvessa, uniq_crazy_yiuf_cottage
D:5:      nicolae_cairo_tiling_large_dashed, layout_basic,
          nicolae_ossuary_entry_giza, serial_shops, kennysheep_little_box,
          due_unseen_surprise
D:6:      layout_loops_cross, chequers_temple_overflow_statue_of_worship,
          gammafunk_ghost_stat_death, minmay_guarded_unrand_staff_of_olgreb
D:7:      layout_rooms, lemuel_flamethrower_2, uniq_pikel, uniq_prince_ribbit1
D:8:      layout_rooms, nemelex_spade_bored_becter, lair_entry_dummy,
          uniq_erica, uniq_joseph
D:9:      wad_pebble_path, layout_rooms, nicolae_overflow_squiral, uniq_erolcha
Temple:   nicolae_temple_bog_church

Skill      XL: |  1  2  3  4  5  6  7  8  9 10 |
---------------+-------------------------------+-----
Axes           | 2 3 4 5 6 7 |  7.4
Armour         | 3 4 5 6 7 |  7.4
Shields        | 3 4 5 |  5.7
Dodging        | 1 2 3 4 |  4.3
Stealth        | 1 |  1.0
Spellcasting   | 1 2 3 4 |  4.4
Translocations | 1 2 3 4 |  4.1
Fighting       | 4 5 6 |  6.2
Maces & Flails | 1 3 |  3.5

Action                   |  1- 3 |  4- 6 |  7- 9 | 10-12 || total
-------------------------+-------+-------+-------+-------++-------
Melee: War axe           |    82 |   106 |   290 |       ||   478
       Headbutt          |     8 |    12 |    56 |    48 ||   124
       Mace              |       |       |    10 |   193 ||   203
 Cast: Blink             |       |       |       |     1 ||     1
  Use: Scroll            |     6 |     8 |     5 |     4 ||    23
       Potion            |     1 |     3 |     5 |     4 ||    13
Armor: Scale mail        |    41 |    30 |    87 |    49 ||   207
       Skin              |       |    10 |       |       ||    10
Dodge: Dodged            |    33 |    36 |   113 |   145 ||   327
Block: Buckler           |    20 |    46 |   130 |   130 ||   326
